 Dungeon Crawl Stone Soup version 0.29.1-1-gd02db6906a (webtiles) character file.

Game seed: 13305159320793184076

265 NullDivider the Sneak (level 6, 0/36 HPs)
             Began as an Octopode Hedge Wizard on Sept 22, 2022.
             Succumbed to an orc wizard's poison
             ... on level 5 of the Dungeon.
             The game lasted 00:16:11 (4734 turns).

NullDivider the Sneak (Octopode Hedge Wizard)       Turns: 4734, Time: 00:16:12

Health: 0/36       AC:  1    Str:  9    XL:     6   Next: 20%
Magic:  10/11      EV: 14    Int: 17    God:
Gold:   168        SH:  0    Dex: 19    Spells: 7/12 levels left

rFire   . . .      SeeInvis .   u - +1 dagger (venom)
rCold   . . .      Faith    .   (no shield)
rNeg    . . .      Spirit   .   b - +0 hat
rPois   .          Reflect  +   f - amulet of reflection
rElec   .          Harm     .   y - +6 ring of dexterity
rCorr   .          Rampage  .   (no ring)
Will    .....                   (no ring)
Stlth   ++........              (no ring)
HPRegen 0.12/turn               (no ring)
MPRegen 0.12/turn               (no ring)
                                (no ring)
                                (no ring)

@: confused, lethally poisoned (0 -> -3)
A: almost no armour, amphibious, 8 rings, camouflage 1, gelatinous body 1,
(nimble swimmer 1), tentacles
a: no special abilities


You were on level 5 of the Dungeon.
You visited 1 branch of the dungeon, and saw 7 of its levels.

You collected 168 gold pieces.

Inventory:

Hand Weapons
 u - a +1 dagger of venom (weapon)
Armour
 b - a +0 hat (worn)
Jewellery
 f - an amulet of reflection (around mantle)
 y - a +6 ring of dexterity (left tentacle)
Wands
 a - a wand of flame (11)
 i - a wand of roots (9)
 t - a wand of paralysis (13)
Scrolls
 d - 3 scrolls of teleportation
 e - a scroll of amnesia {unknown}
 g - 3 scrolls of vulnerability
 j - a scroll of immolation {unknown}
 k - 3 scrolls of magic mapping
 o - a scroll of enchant weapon {unknown}
 p - a scroll of blinking {unknown}
 v - a scroll of butterflies {unknown}
Potions
 c - a potion of magic
 h - 2 potions of resistance
 l - 4 potions of curing
 m - 2 potions of cancellation {unknown}
 n - a potion of heal wounds {unknown}
 r - a potion of attraction {unknown}
 s - a potion of haste {unknown}
 w - a potion of brilliance {unknown}
 x - a potion of lignification {unknown}
 z - a potion of might {unknown}
 A - a potion of degeneration {unknown}


   Skills:
 * Level 2.4 Short Blades
 + Level 2.6 Dodging
 * Level 4.7 Stealth
 * Level 3.7 Spellcasting
 - Level 2.0 Conjurations
 + Level 2.0 Summonings
 + Level 2.0 Translocations


You had 7 spell levels left.
You knew the following spells:

 Your Spells              Type           Power      Damage    Failure   Level
a - Magic Dart            Conj           40%        1d5       7%          1
b - Call Imp              Summ           10%        N/A       11%         2
c - Blink                 Tloc           20%        N/A       11%         2

Your spell library contained the following spells:

 Spells                   Type           Power      Damage    Failure   Level
 Slow                     Hex            12%        N/A       16%         1
 Conjure Flame            Conj/Fire      6%         6-21      32%         3
 Portal Projectile        Hex/Tloc       12%        N/A       32%         3
 Mephitic Cloud           Conj/Pois/Air  5%         N/A       36%         3
 Tukima's Dance           Hex            3%         N/A       43%         3
 Blade Hands              Tmut           1%         N/A       99%         5


Dungeon Overview and Level Annotations

Branches:
Dungeon (7/15)
 Temple: D:4-7

Altars:
Cheibriados
Fedhas
Uskayaw
Wu Jian

Annotations:
D:5 Edmund, Sigmund


Innate Abilities, Weirdness & Mutations

You cannot wear most types of armour.
You are amphibious.
You can wear up to eight rings at the same time.
Your skin changes colour to match your surroundings (Stealth+).
Your rubbery body absorbs attacks. (AC +1, EV +1)
((You are camouflaged when in or above water. (Stealth+)))
You have tentacles for arms and can constrict up to eight enemies at once.


Message History

You feel very sick.
You feel sick.
The orc shoots an arrow.
The arrow hits you!
* * * LOW HITPOINT WARNING * * *
* * * LOW HITPOINT WARNING * * *
You feel sick.
The orc shoots an arrow.
The arrow closely misses you.
You feel better.
You closely miss the orc wizard. You grab the orc wizard.
The orc wizard is moderately wounded.
You constrict the orc wizard, but do no damage.
The orc wizard completely misses you.
You hit the orc wizard but do no damage.
The orc wizard is poisoned.
You squeeze the orc wizard.
The orc wizard is heavily wounded.
You constrict the orc wizard.
The orc wizard hits you but does no damage.
You are poisoned.
You hit the orc wizard but do no damage.
The orc wizard looks as sick as possible!
You squeeze the orc wizard.
You kill the orc wizard!
* * * LOW HITPOINT WARNING * * *
You feel very sick.
The orc shoots an arrow.
The arrow closely misses you.
Your Translocations skill increases to level 2!
You feel sick.
There is a stone staircase leading up here.
You hit the orc but do no damage.
The orc is poisoned.
You grab the orc.
You constrict the orc, but do no damage.
* * * LOW HITPOINT WARNING * * *
You feel sick.
You hear some strange, mumbled words.
You are confused.
The orc unwields a +0 shortbow.
The orc wields a +0 flail.
The orc closely misses you.
You release your grip on the orc.
You feel sick.
You feel sick.
The orc unwields a +0 flail.
The orc wields a +0 shortbow.
The orc shoots an arrow.
The arrow closely misses you. Something hits you.
* * * LOW HITPOINT WARNING * * *
You die...

#####.........
##.....#.....##
##.............##
#...............#
#...............#
#.[.............#
#........>......#
#......<........#
#..........o...@#
##.........)<..##
##.....#.....##
#############


You could see an orc (very poisoned).

Vanquished Creatures
  A hound (D:3)
  An orc priest (D:4)
  A jelly (D:4)
  Ijyb (D:3)
  An orc wizard (D:5)
  2 adders
  A gnoll (D:2)
  A worm (D:4)
  A dart slug (D:1)
  11 orcs (D:4)
  8 ball pythons
  6 endoplasms
  4 giant cockroaches
  5 goblins
  6 hobgoblins
  9 jackals
  4 kobolds
  A quokka (D:1)
  5 bats
  2 frilled lizards
  5 rats
76 creatures vanquished.

Vanquished Creatures (collateral kills)
  A goblin (D:4)
1 creature vanquished.

Grand Total: 77 creatures vanquished

Notes
Turn   | Place    | Note
-------+----------+-------------------------------------------
     0 | D:1      | NullDivider the Octopode Hedge Wizard began the quest for
                  | the Orb.
     0 | D:1      | Reached XP level 1. HP: 11/11 MP: 4/4
   188 | D:1      | Reached XP level 2. HP: 17/17 MP: 6/6
   218 | D:1      | Reached skill level 3 in Stealth
   221 | D:1      | Learned a level 2 spell: Call Imp
   224 | D:1      | Learned a level 2 spell: Blink
  1133 | D:2      | Found a snail-covered altar of Cheibriados.
  1340 | D:2      | Reached skill level 1 in Short Blades
  1340 | D:2      | Reached XP level 3. HP: 21/21 MP: 7/7
  1734 | D:2      | Reached XP level 4. HP: 27/27 MP: 8/8
  1784 | D:2      | Found a faded altar of an unknown god.
  2248 | D:3      | You fall into a shaft and drop 3 floors!
  2267 | D:5      | Entered Level 5 of the Dungeon
  2785 | D:3      | Noticed Ijyb
  2794 | D:3      | Killed Ijyb
  2795 | D:3      | Reached skill level 4 in Stealth
  2862 | D:3      | Found a blossoming altar of Fedhas.
  3008 | D:3      | Found an ornate altar of the Wu Jian Council.
  3120 | D:3      | Reached XP level 5. HP: 30/31 MP: 10/10
  3717 | D:4      | Identified the +1 ring mail of Feihesch {rF+ Regen+ Slay-4}
  3923 | D:4      | Found a hide-covered altar of Uskayaw.
  4036 | D:4      | Reached XP level 6. HP: 32/36 MP: 2/11
  4299 | D:5      | Noticed Sigmund
  4299 | D:5      | Noticed Edmund
  4408 | D:4      | HP: 1/36 [orc/+0 hand axe (1)]
  4734 | D:5      | HP: 1/36 [something (4)]
  4734 | D:5      | Succumbed to an orc wizard's poison

Illustrated notes

Levels and vault maps discovered:
D:1:      dpeg_arrival_stone_temple_mockup, layout_loops_corners
D:2:      layout_loops_ring, shapermc_ecumenical_altar_ellora, basic_altar,
          minmay_fractal_squares_5
D:3:      minmay_door_path, layout_loops_cross,
          mainiacjoe_overflow_six_doors_small, mainiacjoe_overflow_brackets,
          uniq_ijyb
D:4:      layout_layer_cave, nicolae_uskayaw_murder_on_the_dancefloor,
          nicolae_eternal_life
D:5:      layout_rooms, grunt_temple_overflow_champion_of_chaos,
          gammafunk_ghost_smash, grunt_ministairs_13, uniq_sigmund, uniq_edmund
D:6:      layout_basic, minmay_temple_entry_statues, serial_undead,
          serial_undead_e, serial_undead_f, serial_undead_f, serial_undead_a,
          serial_undead_e, serial_undead_e, nicolae_lava_and_water,
          minmay_fountain_box, hangedman_abyss_or_decor_stagger,
          kennysheep_generic_room_6
D:7:      lemuel_castle_with_subvaults [lemuel_castle_interior_carwin_1],
          layout_basic, ebering_ghost_rock_garden, kennysheep_boxes

Skill      XL: |  1  2  3  4  5  6 |
---------------+-------------------+-----
Stealth        | 3 4 |  4.7
Short Blades   | 1 2 |  2.4
Conjurations   | 2 |  2.0
Summonings     | 2 |  2.0
Translocations | 2 |  2.0
Dodging        | |  2.6
Spellcasting   | |  3.7

Action                   |  1- 3 |  4- 6 || total
-------------------------+-------+-------++-------
Melee: Dagger            |    68 |    69 ||   137
       Constrict         |    13 |    23 ||    36
       Tentacles         |    13 |    15 ||    28
       Punch             |       |     1 ||     1
 Cast: Magic Dart        |     7 |    37 ||    44
       Call Imp          |       |     1 ||     1
       Blink             |       |     1 ||     1
Evoke: Wand              |       |     1 ||     1
  Use: Scroll            |       |     5 ||     5
       Potion            |       |     3 ||     3
 Stab: Sleeping          |     7 |     8 ||    15
       Paralysed         |       |     2 ||     2
Armor: Skin              |     1 |     3 ||     4
Dodge: Dodged            |    36 |    36 ||    72
Block: Other             |    12 |    12 ||    24
